 Dungeon Crawl Stone Soup version 0.31-a0-851-g7ff8af7976 (webtiles) character file.

Game seed: 3877737863243049665

2111 Arex the Ruffian (level 9, -3/63 (70) HPs)
             Began as a Vine Stalker Shapeshifter on Oct 5, 2023.
             Was an Initiate of Ru.
             Slain by Jeremiah
             ... wielding a +4 trident of draining
              (6 damage)
             ... on level 7 of the Dungeon.
             The game lasted 00:11:43 (5268 turns).

Arex the Ruffian (Vine Stalker Shapeshifter)        Turns: 5268, Time: 00:11:43

HP:   -3/63 (70)    AC: 24    Str: 24    XL:     9   Next: 28%
MP:   0/10          EV:  2    Int: 16    God:    Ru [......]
Gold: 311           SH:  0    Dex: 17    Spells: 8/8 levels left

rFire   . .          .
                       - Unarmed
rCold   . . .        (no shield)
rNeg    . . .        z - melded +0 plate armour
rPois   +            (helmet currently unavailable)
rElec   .            (cloak currently unavailable)
rCorr   .            (gloves currently unavailable)
SInv    .            (boots currently unavailable)
Will    +....        (no amulet)
Stlth   ++           n - +6 ring of strength
HPRegen 1.10/turn    t - +6 ring of intelligence
MPRegen 0.12/turn

%: guardian spirit
@: tree-form, attractive, heavily drained
A: stationary, stasis, torment immunity, boosted hp, (fangs 3), regeneration 1,
magic shield, (antimagic bite), no potion heal 2, disrupted magic 1
a: Renounce Religion


You were on level 7 of the Dungeon.
You worshipped Ru.
Ru was noncommittal.
You were a tree.
You visited 2 branches of the dungeon, and saw 8 of its levels.
You also visited: Sewer.

You collected 311 gold pieces.

Inventory:

Hand Weapons
 l - the +7 mace of Wuveeroe {vamp, Fly}
   (You found it on level 2 of the Dungeon)

   Fly:       It grants you flight.
Armour
 a - a +0 animal skin
 i - a +0 helmet
 z - a +0 plate armour (melded)
Jewellery
 n - a +6 ring of strength (left branch)
 t - a +6 ring of intelligence (right branch)
Talismans
 c - a beast talisman
 d - a flux talisman
Wands
 y - a wand of iceblast (7)
Scrolls
 e - 3 scrolls of revelation
 f - 6 scrolls of teleportation
 h - a scroll of acquirement {unknown}
 k - a scroll of noise {unknown}
 s - a scroll of vulnerability
 u - a scroll of blinking {unknown}
 x - 4 scrolls of amnesia
 A - a scroll of immolation {unknown}
 B - a scroll of torment {unknown}
 C - a scroll of brand weapon {unknown}
 D - a scroll of fear {unknown}
Potions
 b - 2 potions of lignification
 g - a potion of ambrosia {unknown}
 j - 4 potions of curing
 m - 3 potions of heal wounds
 o - 2 potions of degeneration {unknown}
 p - 4 potions of enlightenment {unknown}
 q - 3 potions of might
 r - a potion of haste
 v - a potion of berserk rage {unknown}
 w - a potion of attraction


   Skills:
 + Level 5.4 Fighting
 + Level 5.2 Dodging
 + Level 6.7 Unarmed Combat
 + Level 6.2 Shapeshifting


You had 8 spell levels left.
You didn't know any spells.
Your spell library contained the following spells:

 Spells                   Type           Power      Damage    Failure   Level
 Freeze                   Ice            0%         1d3       34%         1
 Blink                    Tloc           0%         N/A       45%         2
 Lesser Beckoning         Tloc           0%         N/A       45%         2
 Momentum Strike          Conj/Tloc      0%         3d8       45%         2
 Frozen Ramparts          Ice            0%         1d1       67%         3
 Hailstorm                Conj/Ice       0%         3d3       67%         3
 Leda's Liquefaction      Hex/Erth       0%         N/A       96%         4
 Lee's Rapid Deconstruct  Erth           0%         3d4*      100%        5
 Bombard                  Conj/Erth      0%         9d1       100%        6


Dungeon Overview and Level Annotations

Branches:
Dungeon (7/15)             Temple (1/1) D:4           Sewer (visited)

Altars:
Ashenzari
Cheibriados
Dithmenos
Elyvilon
Fedhas
Gozag
Kikubaaqudgha
Makhleb
Nemelex Xobeh
Okawaru
Qazlal
Ru
Sif Muna
Trog
Uskayaw
Vehumet
Wu Jian
Xom
Yredelemnul
Zin
The Shining One

Annotations:
D:7 2 runed translucent doors, GreenGuy14's ghost, novice MiMo; Jeremiah


Innate Abilities, Weirdness & Mutations

You are a tree.
Your roots penetrate the ground, keeping you stationary.
You cannot be teleported.
You are immune to unholy pain and torment.
Your maximum health is greatly increased.
Your equipment is partially melded.
((You have razor-sharp teeth.))
Your natural rate of healing is unusually fast.
When hurt, damage is shared between your health and your magic reserves.
((Your bite disrupts and absorbs the magic of your enemies.))
Potions cannot restore your health.
Your casting is slightly disrupted.


Message History

You feel drained.
You punch the butterfly!
You kill the butterfly!
The butterfly disappears in a burst of colours!
Jeremiah shouts, "O dreadful one, destroy my foe!"
Something smites you!
You miss the butterfly. You bite the butterfly.
You kill the butterfly!
The butterfly disappears in a burst of colours!
Jeremiah hits you from afar with a +4 trident of draining.
You feel drained.
You completely miss the butterfly. You bite the butterfly.
You kill the butterfly!
The butterfly disappears in a burst of colours!
Jeremiah hits you from afar with a +4 trident of draining.
You feel drained.
Your transformation has ended.
You turn into a tree.
Your +0 plate armour melds into your body.
Your roots penetrate the ground.
Jeremiah cries, "Fearful master, protect me!"
Something smites you!
* * * LOW HITPOINT WARNING * * *
You miss the butterfly.
Jeremiah hits you from afar with a +4 trident of draining!
* * * LOW HITPOINT WARNING * * *
You feel drained.
* * * LOW HITPOINT WARNING * * *
You closely miss the butterfly. Your punch misses the butterfly.
Jeremiah mumbles a slurred invocation.
Something smites you!
* * * LOW HITPOINT WARNING * * *
You hit the butterfly.
You kill the butterfly!
The butterfly disappears in a burst of colours!
You cannot move.
You feel attractive to monsters.
Jeremiah hits you from afar with a +4 trident of draining.
You die...
Jeremiah asks, "Is it over?
Can I wake up now?"

.##.# ####.###...#### #.#
.##.# #....#E#...#E# #.#
.##.# #.##.###...### #.#
.##.####>##......## #.#
.........##.###### #.# ###
)##.#######.# ##.## ##.##
....# #.# #...###.#.# .####
#.######## ##.#.##.#..< .#
#.bbFb♣..###.....##[..# .#
########.#...###...#.## )#
#.#.#.# #.#...# .#
#.#...###...#### .#
##.###........[.#
.########### #).#
##.#.#.###.#
.......<...######.#####...#.#
#.#
##########.#..............#.#
#.# #.#.####.#####...#.###.#


You could see Jeremiah.

Vanquished Creatures
  Pikel (D:5)
  2 water moccasins (D:6)
  2 ice beasts
  A black bear (D:7)
  An ogre (D:4)
  A kobold brigand (D:7)
  A gnoll sergeant (D:6)
  A bullfrog (D:7)
  3 wights (D:7)
  A howler monkey (D:6)
  2 hounds
  2 jellies
  6 orc priests
  2 sleepcaps
  An iguana (D:6)
  3 orc wizards
  A hell rat (Sewer)
  Robin (D:1)
  4 gnolls (D:6)
  2 adders
  3 river rats (Sewer)
  A shadow imp (D:6)
  A white imp (D:7)
  4 worms
  A dart slug (D:1)
  20 orcs
  7 endoplasms
  5 giant cockroaches
  9 goblins
  11 hobgoblins
  4 jackals (D:1)
  4 quokkas (D:1)
  3 ball pythons
  8 bats
  2 frilled lizards (D:1)
  13 kobolds
  10 rats
144 creatures vanquished.

Notes
Turn   | Place    | Note
-------+----------+-------------------------------------------
     0 | D:1      | Arex the Vine Stalker Shapeshifter began the quest for the
                  | Orb.
     0 | D:1      | Reached XP level 1. HP: 9/9 MP: 2/2
    48 | D:1      | Reached skill level 1 in Fighting
   113 | D:1      | Reached XP level 2. HP: 14/14 MP: 1/3
   502 | D:1      | Reached XP level 3. HP: 18/18 MP: 4/4
   879 | D:2      | Noticed Robin
   920 | D:1      | Killed Robin
   921 | D:1      | Reached XP level 4. HP: 19/23 MP: 2/5
  1340 | D:2      | Identified the +7 mace of Wuveeroe {vamp, Fly}
  1839 | D:3      | Reached XP level 5. HP: 24/26 MP: 6/6
  1882 | D:3      | Found a broken altar of Ashenzari.
  1915 | D:3      | Found a basalt altar of Yredelemnul.
  1915 | D:3      | Noticed an ice beast
  1920 | D:3      | Killed an ice beast
  1921 | D:3      | Reached XP level 6. HP: 32/32 MP: 7/7
  2067 | D:3      | Found an opulent altar of Gozag.
  2129 | D:3      | Found a glowing drain.
  2143 | Sewer    | Entered a sewer
  2519 | D:4      | Found a staircase to the Ecumenical Temple.
  2552 | Temple   | Entered the Ecumenical Temple
  2579 | Temple   | Became a worshipper of Ru the Awakened
  2646 | D:4      | Reached XP level 7. HP: 34/36 MP: 4/8
  2930 | D:5      | Entered Level 5 of the Dungeon
  3012 | D:5      | Found a sparkling altar of Nemelex Xobeh.
  3095 | D:5      | Noticed Pikel
  3187 | D:5      | Killed Pikel
  3188 | D:5      | Reached skill level 5 in Unarmed Combat
  3188 | D:5      | Reached skill level 5 in Shapeshifting
  3188 | D:5      | Gained mutation: You have razor-sharp teeth. [Vine Stalker
                  | growth]
  3188 | D:5      | Reached XP level 8. HP: 34/42 MP: 6/9
  3400 | D:5      | Noticed a moth of wrath
  3403 | D:5      | Found a bloodstained altar of Trog.
  3766 | D:6      | Gained mutation: Your casting is slightly disrupted. [Ru
                  | sacrifice]
  4650 | D:6      | Reached skill level 5 in Fighting
  4650 | D:6      | Reached XP level 9. HP: 43/47 MP: 10/10
  4949 | D:7      | Reached skill level 5 in Dodging
  4954 | D:7      | Found a stormy altar of Qazlal.
  5010 | D:7      | Found a large runed translucent door.
  5013 | D:7      | Found a large runed translucent door.
  5019 | D:7      | Noticed GreenGuy14's ghost (novice MiMo)
  5250 | D:7      | Noticed Jeremiah
  5266 | D:7      | HP: 1/63 [Jeremiah/divine providence (11)]
  5268 | D:7      | Slain by Jeremiah

Illustrated notes

Levels and vault maps discovered:
D:1:      dpeg_arrival_simpleton_a, layout_loops_cross
D:2:      layout_loops_ring, uniq_robin
D:3:      layout_rooms, yredelemnul_altar_generic,
          mainiacjoe_overflow_surrounded_room, ashenzari_altar_1,
          portal_sewer_entry_f
D:4:      layout_cave_pools, temple_green
D:5:      layout_basic, tgw_trog, nemelex_diamond_rough_becter, uniq_pikel
D:6:      layout_loops_ring, kennysheep_small_spiral
D:7:      layout_loops_ring, nicolae_qazlal_style_of_elements,
          ebering_ghost_disaster_area, uniq_duvessa, uniq_jeremiah
Temple:   hellmonk_temple_of_storms

Skill      XL: |  1  2  3  4  5  6  7  8  9 |
---------------+----------------------------+-----
Fighting       | 1 2 3 4 5 |  5.4
Dodging        | 2 3 4 5 |  5.2
Unarmed Combat | 4 5 6 |  6.7
Shapeshifting  | 4 5 6 |  6.2

Action                     |  1- 3 |  4- 6 |  7- 9 || total
---------------------------+-------+-------+-------++-------
  Melee: Unarmed           |   104 |    47 |    22 ||   173
         Bite              |    21 |    23 |    46 ||    90
         Punch             |     4 |     1 |     7 ||    12
         Mace              |       |    65 |   104 ||   169
 Invoke: Sacrifice Essence |       |       |     1 ||     1
Ability: Begin Untransform |     1 |       |       ||     1
  Evoke: Wand              |       |       |     3 ||     3
    Use: Scroll            |     1 |     5 |     3 ||     9
         Potion            |       |       |     3 ||     3
 Armour: Animal skin       |    63 |    60 |    17 ||   140
         Plate armour      |       |       |    76 ||    76
         Skin              |       |       |     2 ||     2
  Dodge: Dodged            |    82 |    61 |    52 ||   195
   Form: Beast             |     1 |       |       ||     1

Table legend: (Time is in decaauts)
 A = Elapsed time spent in this place.
 B = Non-inter-level travel time spent in this place.
 C = Inter-level travel time spent in this place.
 D = Time resting spent in this place.
 E = Time spent auto-exploring this place.
 F = Levels seen in this place.
 G = Mean time per level.
                   A        B        C        D        E       F      G
               +--------+--------+--------+--------+--------+-----+--------+
         Total |   5324 |   4900 |    424 |    561 |   3139 |   9 |  591.6 |
       Dungeon |   5172 |   4776 |    396 |    532 |   3092 |   7 |  738.9 |
        Temple |     32 |      4 |     28 |      0 |      0 |   1 |   32.0 |
         Sewer |    118 |    118 |      0 |     29 |     47 |   1 |  118.0 |
               +--------+--------+--------+--------+--------+-----+--------+

Top non-repeatable levels by time:
     D:6: 1065 daAuts
     D:1: 921 daAuts
     D:2: 872 daAuts
     D:5: 865 daAuts
     D:3: 546 daAuts
     D:4: 481 daAuts
     D:7: 421 daAuts
   Sewer: 118 daAuts
  Temple: 32 daAuts
